 Dungeon Crawl Stone Soup version 0.31-a0-965-g8a8ce12e04 (webtiles) character file.

Game seed: 870967184328870268

107 croobank the Trooper (level 4, -3/41 HPs)
             Began as a Draconian Monk on Oct 25, 2023.
             Killed by an exploding quokka (30 damage)
             ... ignited by their inner flame
             ... on level 4 of the Dungeon on Oct 26, 2023.
             The game lasted 00:25:54 (2429 turns).

croobank the Trooper (Draconian Monk)               Turns: 2429, Time: 00:25:55

Health: -3/41      AC:  5    Str: 14    XL:     4   Next: 57%
Magic:  4/4        EV: 14    Int: 12    God:
Gold:   236        SH:  0    Dex: 19    Spells: 3/3 levels left

rFire   . . .        h - +2 short sword (holy)
rCold   . . .        (no shield)
rNeg    . . .        (body armour unavailable)
rPois   .            (helmet restricted)
rElec   .            (no cloak)
rCorr   .            (no gloves)
SInv    .            (no boots)
Will    .....        (no amulet)
Stlth   ++           j - +6 ring of dexterity
HPRegen 0.26/turn    m - ring of wizardry
MPRegen 0.09/turn

%: wizardry (x1)
@: no status effects
A: AC +5, unfitting armour, cold-blooded
a: no special abilities


You were on level 4 of the Dungeon.
You visited 1 branch of the dungeon, and saw 4 of its levels.

You collected 236 gold pieces.

Inventory:

Hand Weapons
 h - a +2 short sword of holy wrath (weapon)
Missiles
 i - 2 atropa-tipped darts (quivered)
Armour
 c - an orb of light
 t - a +0 buckler
Jewellery
 j - a +6 ring of dexterity (left hand)
 m - a ring of wizardry (right hand)
 p - a ring of flight
Potions
 a - 2 potions of curing
 e - a potion of cancellation
 l - a potion of berserk rage {unknown}
 n - 2 potions of resistance {unknown}
 s - a potion of magic {unknown}


   Skills:
 + Level 4.3 Fighting
 + Level 3.9 Short Blades
 + Level 3.5 Dodging


You had 3 spell levels left.
You didn't know any spells.
Your spell library contained the following spells:

 Spells                   Type           Power      Damage    Failure   Level
 Cigotuvi's Dreadful Rot  Necr/Pois/Air  0%         N/A       21%         2
 Static Discharge         Conj/Air       0%         3-3/arc   21%         2
 Airstrike                Air            0%         2d(0-16)  75%         4
 Dispel Undead            Necr           0%         3d6       75%         4
 Summon Lightning Spire   Summ/Air       0%         N/A       75%         4
 Death Channel            Necr           0%         N/A       100%        6


Dungeon Overview and Level Annotations

Branches:
Dungeon (4/15)
 Temple: D:4-7

Altars:

Shops:
D:3 (

Annotations:
D:4 Sigmund


Innate Abilities, Weirdness & Mutations

Your plain brown scales are hard. (AC +5)
You cannot fit into any form of body armour.
You are cold-blooded and may be slowed by cold attacks.


Message History

The ball python closely misses you.
You hit the ball python but do no damage.
Your tail-slap misses the ball python.
The ball python is moderately wounded.
The ball python closely misses you. The ball python barely misses you.
You puncture the ball python!
You kill the ball python!
Found a dagger.
a - 2 potions of curing You now have 236 gold pieces (gained 11).
There is a stone staircase leading up here.
Sigmund shouts!
The orc shouts! x2
The quokka bites you but does no damage.
The quokka bites you. The quokka misses you.
You closely miss the quokka.
The orc priest shouts!
You tail-slap the quokka, but do no damage.
The quokka barely misses you.
As you read the scroll of immolation, it crumbles to dust.
The creatures around you are filled with an inner flame!
The quokka twitches its whiskers.
The quokka closely misses you.
The orc priest mumbles some strange prayers to Beogh against you.
Beogh smites you!
You miss the quokka.
The goblin shouts!
The quokka barely misses you.
The orc priest begins to cast a cantrip, but forgets the words!
Sigmund screams, "Die, monster!"
Sigmund casts a spell.
Sigmund flickers and vanishes!
Deactivating autopickup; reactivate with Ctrl-A.
You hit the quokka.
Flame seeps out of the quokka.
The quokka is severely wounded.
The quokka is engulfed in blazing flames.
The quokka explodes!
The fiery explosion engulfs you!!
Ouch! That really hurt!
You die...

#..........
##...#####.
#...# #..##
#..# #..#
#..# #..###
#..§@# ##8#○#
###oo:
.w{.....#
........#.##
#...........#
##..go...#..#
#.......#..##
#..oo..###


You could see an orc priest (inner flame), a dart slug (inner flame), 2 orcs and
a goblin (inner flame).

Vanquished Creatures
  A jelly (D:2)
  3 adders (D:2)
  5 orcs
  4 endoplasms
  2 giant cockroaches
  3 hobgoblins
  4 kobolds
  2 quokkas
  6 ball pythons
  7 bats
  A frilled lizard (D:1)
  4 goblins (D:1)
  2 rats (D:3)
44 creatures vanquished.

Notes
Turn   | Place    | Note
-------+----------+-------------------------------------------
     0 | D:1      | croobank the Draconian Monk began the quest for the Orb.
     0 | D:1      | Reached XP level 1. HP: 19/19 MP: 1/1
   283 | D:1      | Upgraded the game from 0.31-a0-963-ga325b2283a to
                  | 0.31-a0-965-g8a8ce12e04
   298 | D:1      | Reached XP level 2. HP: 26/26 MP: 2/2
   342 | D:1      | Noticed a great orb of eyes
   347 | D:1      | Noticed a golden eye
   352 | D:1      | Found a faded altar of an unknown god.
   353 | D:1      | Noticed a shining eye
   353 | D:1      | Noticed an eye of devastation
   800 | D:2      | Reached XP level 3. HP: 33/33 MP: 3/3
  1005 | D:2      | Reached skill level 4 in Fighting
  1105 | D:2      | Reached XP level 4. HP: 30/40 MP: 4/4
  1466 | D:3      | Found Gocwah's Weapon Emporium.
  2238 | D:4      | Noticed Sigmund
  2429 | D:4      | Killed by an exploding quokka... ignited by their inner
                  | flame

Illustrated notes

Levels and vault maps discovered:
D:1:      dpeg_arrival_chambers_temple_mockup, layout_loops_cross,
          hellmonk_ecumenical_altar_watching_god
D:2:      layout_loops_cross
D:3:      layout_loops_ring, serial_shops, nicolae_shop_tiny_real_fake_doors
D:4:      layout_rooms, lightli_ossuary_entry_decrepit_ruins,
          grunt_ministairs_3, uniq_robin, uniq_sigmund

Skill      XL: |  1  2  3 |
---------------+----------+-----
Dodging        | 3 |  3.5
Fighting       | 4 |  4.3
Short Blades   | |  3.9

Action                     |  1- 3 |  4- 6 || total
---------------------------+-------+-------++-------
  Melee: Short sword       |    80 |    67 ||   147
         Tailslap          |    16 |     6 ||    22
  Throw: Dart              |     2 |       ||     2
    Use: Scroll            |     2 |     9 ||    11
         Potion            |       |     3 ||     3
   Stab: Sleeping          |       |     2 ||     2
 Armour: Skin              |    31 |    36 ||    67
  Dodge: Dodged            |    52 |    43 ||    95

Table legend: (Time is in decaauts)
 A = Elapsed time spent in this place.
 B = Non-inter-level travel time spent in this place.
 C = Inter-level travel time spent in this place.
 D = Time resting spent in this place.
 E = Time spent auto-exploring this place.
 F = Levels seen in this place.
 G = Mean time per level.
                   A        B        C        D        E       F      G
               +--------+--------+--------+--------+--------+-----+--------+
         Total |   2403 |   2322 |     81 |    156 |   1683 |   4 |  600.8 |
       Dungeon |   2403 |   2322 |     81 |    156 |   1683 |   4 |  600.8 |
               +--------+--------+--------+--------+--------+-----+--------+

Top non-repeatable levels by time:
     D:3: 848 daAuts
     D:1: 778 daAuts
     D:2: 650 daAuts
     D:4: 125 daAuts
